 Dungeon Crawl Stone Soup version 0.19.1-1-g22dce08 (webtiles) character file.

5251 KingCrawl the Slicer (level 10, -1/82 HPs)
             Began as a Demonspawn Berserker on Dec 28, 2016.
             Was a High Priest of Trog.
             Slain by a dream sheep (10 damage)
             ... on level 8 of the Dungeon on Dec 29, 2016.
             The game lasted 00:43:14 (7660 turns).

KingCrawl the Slicer (Demonspawn Berserker)         Turns: 7660, Time: 00:43:15

Health: -1/82      AC: 16    Str: 17    XL:     10   Next: 36%
Magic:  10/10      EV: 11    Int: 10    God:    Trog [*****.]
Gold:   512        SH:  0    Dex: 15    Spells: 0 memorised, 9 levels left

rFire  x . .     SeeInvis .     K - +0 falchion (pain)
rCold  + . .     Gourm    .     l - +0 scale mail
rNeg   . . .     Faith    .     (no shield)
rPois  .         Spirit   .     f - +2 helmet
rElec  .         Reflect  .     M - +1 cloak
rCorr  .         Harm     .     (no gloves)
MR     .....                    z - +1 pair of boots
Stlth  ..........               (no amulet)
                                (no ring)
                                h - ring of ice

@: no status effects
A: claws 2, demonic guardian 1, powered by death 1
a: Berserk, Trog's Hand, Brothers in Arms, Burn Spellbooks, Renounce Religion


You were on level 8 of the Dungeon.
You worshipped Trog.
Trog was extremely pleased with you.
You were not hungry.

You visited 1 branch of the dungeon, and saw 8 of its levels.
You also visited: Ossuary.

You collected 512 gold pieces.

Inventory:

Hand Weapons
 a - a +0 short sword
 u - a -3 rapier
 v - a +0 short sword of venom
 A - a +0 dagger of venom
 G - a +1 whip of electrocution
 K - a +0 falchion of pain (weapon)
Armour
 b - a +0 animal skin
 f - a +2 helmet (worn)
 k - a +0 leather armour
 l - a +0 scale mail (worn)
 y - a +1 hat
 z - a +1 pair of boots (worn)
 B - a +0 helmet
 M - a +1 cloak (worn)
 N - a +1 helmet
 R - a +3 plate armour
Magical Staves
 x - an uncursed staff of earth
Jewellery
 h - a ring of ice (left claw)
Wands
 e - a wand of digging (12/24)
 p - a wand of confusion (17/48)
 O - a wand of confusion (41/48)
 P - a wand of random effects (25/48)
 U - a wand of iceblast (5/15)
Scrolls
 g - 2 scrolls of magic mapping
 j - 4 scrolls of enchant weapon
 o - 3 scrolls of teleportation
 r - a scroll of brand weapon {unknown}
 t - a scroll of fear
 D - a scroll of identify
 E - 4 scrolls of remove curse
 J - a scroll of fog
 V - a scroll of silence
Potions
 d - a potion of degeneration
 m - 2 potions of lignification
 s - 3 potions of cure mutation
 w - 4 potions of might
 C - a potion of heal wounds
 F - a potion of haste
 H - a potion of curing
 I - a potion of brilliance
Books
 Q - a book of Changes

   Spells                             Type                      Level
   a - Beastly Appendage              Transmutation                1
   b - Sticks to Snakes               Transmutation                2
   c - Spider Form                    Transmutation/Poison         3
   d - Ice Form                       Ice/Transmutation            4
   e - Blade Hands                    Transmutation                5
   Trog disapproves of the use of such an item.
Comestibles
 c - 6 bread rations
 i - 6 meat rations
 n - 3 fruits
 q - a royal jelly
 L - 2 chunks of flesh
 S - a slice of pizza


   Skills:
 - Level 8.4 Fighting
 - Level 10.0 Short Blades
 + Level 7.4 Armour
 - Level 3.1 Dodging


You had 9 spell levels left.
You didn't know any spells.

Dungeon Overview and Level Annotations

Branches:
Dungeon (8/15)             Temple (0/1) D:6
   Lair: D:8-11

Altars:
Fedhas
Hepliaklqana
Makhleb
Ru
Trog
The Shining One


Innate Abilities, Weirdness & Mutations

You have very sharp fingernails.
A weak demonic guardian rushes to your aid.
You regenerate a little health from kills.


Message History

Your ufetubus hits the yak but does no damage.
Your ufetubus hits the yak. The yak gores your ufetubus!
Your ufetubus dies!
The dream sheep shake their wool and sparkle.
You feel drowsy...
You fall asleep.
The yak gores you.
You wake up.
You hit the yak.
The yak is heavily wounded.
The yak gores you.
The dream sheep bites you but does no damage.
You hit the yak.
The yak is heavily wounded.
The yak gores you!
* * * LOW HITPOINT WARNING * * *
The dream sheep bites you!
* * * LOW HITPOINT WARNING * * *
You hit the yak.
The yak is heavily wounded.
The dream sheep bites you!
You die...

#.......# #.##...##
###.#....#
#.._..##.# ##
#.#.####.# #.
##.#...# .# #.
##.#####.#.# #†
#..## # #. #####.
#.@Y# #.#.# #.....
####Y#####...##.##..
#$≈.K.≈PP#.....>...#
#...Y..≈P#.......###
#!%%.%P≈≈######..#
#..P..≈≈P# #..###
#..Y..P≈.# ##....#
##'''###+# #.....#
.....# #.###.#


You could see a yak, a big kobold and 2 dream sheep.

Vanquished Creatures
  Gastronok (D:8)
  Pikel (D:8)
  Grinder (D:3)
  A hornet (D:8)
  A hippogriff (D:7)
  Eustachio (D:6)
  A hungry ghost (D:7)
  An orc warrior (D:6)
  2 ice beasts
  A black bear (D:8)
  A sky beast (D:6)
  A phantom (D:7)
  An ogre (D:7)
  4 centaurs
  The ghost of KingCrawl the Grave Robber, an amateur DsNe (D:3)
  A big kobold (D:8)
  A bullfrog (D:6)
  A gnoll sergeant (D:6)
  A scorpion (D:8)
  5 wights (D:7)
  A crimson imp (D:7)
  A bullfrog zombie (D:5)
  A quasit (D:6)
  An orc priest (D:7)
  2 hounds (D:6)
  2 orc wizards (D:6)
  An iguana (D:8)
  4 worker ants
  2 hound skeletons
  A mummy (Ossuary)
  Robin (D:3)
  A howler monkey skeleton (D:4)
  2 worker ant zombies
  3 gnolls (D:6)
  12 adders
  A shadow imp (D:5)
  An adder zombie (D:7)
  4 worms
  6 dart slugs
  8 leopard geckos
  11 orcs
  7 bats
  7 giant cockroaches
  14 hobgoblins
  12 jackals
  9 kobolds
  6 quokkas
  A ball python (D:4)
  4 frilled lizards
  5 gnoll skeletons (Ossuary)
  16 goblins
  6 kobold skeletons (Ossuary)
  14 orc skeletons (Ossuary)
  10 rats
205 creatures vanquished.

Vanquished Creatures (collateral kills)
  A wraith (Ossuary)
  An ogre (D:5)
  A bullfrog (D:3)
  A hound (D:4)
  A bullfrog skeleton (D:4)
  An adder (D:3)
  A leopard gecko (D:4)
  A giant cockroach (D:4)
  A rat (D:3)
9 creatures vanquished.

Vanquished Creatures (others)
  The ghost of dvd the Gusty, an amateur HEAE (D:4)
  A hound (D:8)
2 creatures vanquished.

Grand Total: 216 creatures vanquished

Notes
Turn   | Place    | Note
-------+----------+-------------------------------------------
     0 | D:1      | KingCrawl the Demonspawn Berserker began the quest for the Orb.
     0 | D:1      | Reached XP level 1. HP: 18/18 MP: 1/1
    54 | D:1      | Reached skill level 3 in Short Blades
   176 | D:1      | Gained mutation: A weak demonic guardian rushes to your aid. [demonic ancestry]
   176 | D:1      | Reached XP level 2. HP: 20/24 MP: 2/2
   360 | D:1      | Reached ** piety under Trog
   706 | D:1      | Reached XP level 3. HP: 21/29 MP: 3/3
   774 | D:1      | Reached skill level 4 in Short Blades
  1849 | D:2      | Reached XP level 4. HP: 34/35 MP: 4/4
  2548 | D:3      | Noticed KingCrawl's ghost (amateur DsNe)
  2551 | D:3      | Reached *** piety under Trog
  2559 | D:3      | Killed KingCrawl's ghost
  2559 | D:3      | Gained mutation: You have sharp fingernails. [demonic ancestry]
  2559 | D:3      | Reached XP level 5. HP: 41/41 MP: 5/5
  2691 | D:3      | Found a hazy altar of Hepliaklqana.
  2691 | D:3      | Found a faded altar of an unknown god.
  2714 | D:3      | Found a faded altar of an unknown god.
  2716 | D:3      | Found a faded altar of an unknown god.
  2718 | D:3      | Found a faded altar of an unknown god.
  2764 | D:3      | Noticed Robin
  2775 | D:3      | Killed Robin
  2852 | D:3      | Noticed Grinder
  2867 | D:3      | Paralysed by Grinder for 2 turns
  2870 | D:3      | Killed Grinder
  2870 | D:3      | Reached skill level 6 in Short Blades
  2870 | D:3      | Gained mutation: You have very sharp fingernails. [demonic ancestry]
  2870 | D:3      | Reached XP level 6. HP: 21/47 MP: 6/6
  3262 | D:3      | Found a blossoming altar of Fedhas.
  3348 | D:4      | Noticed dvd's ghost (amateur HEAE)
  3365 | D:4      | Killed dvd's ghost
  3365 | D:4      | Gained mutation: You regenerate a little health from kills. [demonic ancestry]
  3365 | D:4      | Reached XP level 7. HP: 50/52 MP: 7/7
  3487 | D:4      | Found a sand-covered staircase.
  3496 | Ossuary  | Entered an ossuary
  3496 | Ossuary  | Noticed a wraith
  3496 | Ossuary  | Noticed a wraith
  3496 | Ossuary  | Noticed a wraith
  3569 | Ossuary  | Noticed a wraith
  3582 | Ossuary  | Killed a wraith
  3582 | Ossuary  | Reached skill level 7 in Short Blades
  3663 | Ossuary  | Reached **** piety under Trog
  4265 | D:5      | Entered Level 5 of the Dungeon
  4499 | D:5      | Reached skill level 8 in Short Blades
  4499 | D:5      | Reached XP level 8. HP: 27/58 MP: 8/8
  5340 | D:6      | Found a burning altar of Makhleb.
  5380 | D:6      | Reached skill level 9 in Short Blades
  5385 | D:6      | Found a staircase to the Ecumenical Temple.
  5510 | D:6      | Reached skill level 5 in Armour
  5636 | D:6      | Noticed Eustachio
  5670 | D:6      | Killed Eustachio
  5677 | D:6      | Reached ***** piety under Trog
  6032 | D:6      | Found a bloodstained altar of Trog.
  6077 | D:7      | Reached XP level 9. HP: 57/63 MP: 9/9
  6145 | D:7      | Reached skill level 10 in Short Blades
  6455 | D:6      | Upgraded the game from 0.19.1 to 0.19.1-1-g22dce08
  6890 | D:7      | Found a glowing golden altar of the Shining One.
  7075 | D:8      | Noticed Gastronok
  7097 | D:8      | Killed Gastronok
  7097 | D:8      | Reached XP level 10. HP: 50/79 MP: 10/10
  7421 | D:8      | Noticed Pikel
  7440 | D:8      | Killed Pikel
  7514 | D:8      | Paralysed by a hornet for 2 turns
  7628 | D:8      | Found a sacrificial altar of Ru.
  7660 | D:8      | Slain by a dream sheep

Skill      XL: |  1  2  3  4  5  6  7  8  9 10 |
---------------+-------------------------------+-----
Short Blades   | 3 4 6 8 9 10 | 10.0
Armour         | 2 3 5 7 |  7.4
Dodging        | 3 |  3.1
Fighting       | 7 8 |  8.4

Action                   |  1- 3 |  4- 6 |  7- 9 | 10-12 || total
-------------------------+-------+-------+-------+-------++-------
Melee: Short sword       |   225 |   144 |   592 |    60 ||  1021
       Rapier            |       |    37 |       |       ||    37
       Falchion          |       |       |       |    41 ||    41
Invok: Berserk           |     4 |     2 |     7 |       ||    13
  Use: Scroll            |       |     2 |    17 |       ||    19
       Potion            |       |       |     7 |       ||     7
 Stab: Invisible         |       |       |     5 |       ||     5
       Distracted        |       |       |     1 |       ||     1
  Eat: Chunk             |     6 |     5 |    14 |     3 ||    28
       Fruit             |       |     1 |     9 |       ||    10
       Pizza             |       |       |     1 |       ||     1
Armor: Animal skin       |    32 |       |       |       ||    32
       Leather armour    |     4 |       |       |       ||     4
       Scale mail        |    43 |    55 |   146 |     3 ||   247
       Plate armour      |       |       |   134 |    75 ||   209
Dodge: Dodged            |   153 |    78 |   207 |    32 ||   470
       Rpst.: Falchion   |       |       |       |     3 ||     3
